[Event "*** Titled Tuesday 3|2 Blitz"]
[Site "Chess.com"]
[Date "2014.12.30"]
[Round "2"]
[White "Kacparov"]
[Black "LittlePeasant"]
[Result "0-1"]
[WhiteElo "2297"]
[BlackElo "2420"]
[TimeControl "180+2"]
[EndTime "11:21:54 PST"]
[Termination "LittlePeasant won by resignation"]

1. e4 c5 2. Nf3 e6 3. d4 cxd4 4.
Nxd4 Nc6 5. Nc3 Qc7 6. Be2 a6 7.
O-O Nf6 8. Be3 Be7 9. f4 d6 10. Bf3 O-O 11. Nb3 b6 12. a4 Bb7 13. Kh1 Rfe8 14.
Qe1 Bf8 15. Rd1 g6 16. Rd2 Rac8 17. Qh4 Nd7 18. g4 Bg7 19. Bg2 Na5 20. Nxa5 bxa5 21. Rf3 Bxc3 22. bxc3 Bxe4 23. Rh3 Bxg2+ 24. Kxg2 Nf8 25. Qf6 Qxc3 26. Qxc3 Rxc3 27. Bb6 Rxh3 28. Kxh3 d5 29. Bxa5 Rc8 30. f5 Nd7 31. fxe6 fxe6 32. Bb4 Nf6 33. c3 Ne4 34. Re2 Kg7 35. a5 Kf6 36. Re3 Ke5 37. Kg2 Kf4 38. Rh3 Rc7 39.
Rf3+ Kxg4 40. h3+ Kh5 41. Rf8 Nxc3 42. Ra8 d4 43. Rxa6 Nd5 44. Be1 d3 45. Rd6 Rc2+ 46. Kf3 d2 47. Bxd2 Rxd2 48. Rxe6 Ra2 49. Re5+ Kh4 50. Rxd5 Kxh3 51. Kf4 Kh4 52. Rb5 g5+ 53.
Kf5 g4 54. Rb1 Rxa5+ 55. Kf4 Ra4+ 56. Kf5 Ra3 57. Rh1+ Rh3 58. Rg1 Rf3+ 59. Ke4 Rf7 60. Rh1+ Kg5 61. Ke3 h5 0-1

[Event "*** Titled Tuesday 3|2 Blitz"]
[Site "Chess.com"]
[Date "2014.12.30"]
[Round "2"]
[White "162a54f5d"]
[Black "Vandros57"]
[Result "1-0"]
[WhiteElo "2298"]
[BlackElo "1842"]
[TimeControl "180+2"]
[EndTime "11:21:57 PST"]
[Termination "162a54f5d won by resignation"]

1. d4 d5 2. c4 e6 3. Nf3 Nf6 4. g3 Bb4+ 5. Bd2 Bxd2+ 6. Nbxd2 O-O 7. Bg2 Nbd7 8. O-O b6 9. cxd5 exd5 10. Rc1 Bb7 11. Qc2 Rc8 12. Rfd1 Qe7 13. Nb1 c5 14. dxc5 Nxc5 15. Qd2 Rfe8 16. Nd4 Nce4 17. Qe1 g6 18.
Nc3 Nxc3 19. Rxc3 Ne4 20. Rcc1 Rxc1 21. Rxc1 Rc8 22. Rxc8+ Bxc8 23. Qc1 Bb7 24. a3 Kg7 25. e3 Qc5 26. Qxc5 Nxc5 27. Nb5 a6 28. Nc3 Ne4 29. Bxe4 dxe4 30. Na4 b5 31. Nc5 Bc8 32. Nxe4 f5 33.
Nc3 Kf6 34. Kf1 Ke5 35. Ke2 g5 36. f4+ gxf4 37. gxf4+ Kd6 38. Kd3 Bb7 39. Kd4 h6 40. e4 fxe4 41. Nxe4+ Ke7 42. Ke5 a5 43. b4 axb4 44.
axb4 Bc6 45. f5 Be8 46. Nd6 Bd7 47. f6+ Kf8 48. Kd4 Bc6 49. Kc5 Bd7 50. Kb6 Be8 51.
Nxe8 Kxe8 52. Kxb5 Kf7 53. Kc6 Kxf6 54. b5 Kg5 55. b6 Kh4 56. b7 Kh3 57. b8=Q 1-0

[Event "*** Titled Tuesday 3|2 Blitz"]
[Site "Chess.com"]
[Date "2014.12.30"]
[Round "2"]
[White "NMLuo"]
[Black "VSERGUEI"]
[Result "0-1"]
[WhiteElo "1985"]
[BlackElo "2213"]
[TimeControl "180+2"]
[EndTime "11:22:12 PST"]
[Termination "VSERGUEI won by checkmate"]

1. e4 e6 2. d4 d5 3. Nd2 Nf6 4.
e5 Nfd7 5. Bd3 c5 6. c3 Nc6 7. Ne2 cxd4 8. cxd4 f6 9. exf6 Nxf6 10. O-O Bd6 11. Nf3 O-O 12. Bg5 Bd7 13. Rc1 Be8 14. Ng3 h6 15. Bd2 Bh5 16. Nxh5 Nxh5 17. Re1 Nf4 18. Bxf4 Bxf4 19. Rc2 Rf6 20. Rce2 Qd7 21.
Bb1 g5 22. Qd3 Re8 23. h4 g4 24. Ne5 Bxe5 25. dxe5 Rff8 26. Qg3 Qg7 27. Rd2 h5 28. a3 Ne7 29. Qe3 Nf5 30. Bxf5 Rxf5 31. Qxa7 Rxe5 32.
Rxe5 Qxe5 33. Qd4 Qxd4 34. Rxd4 Kf7 35. Rb4 Re7 36. Kf1 Kf6 37. Ke2 Ke5 38. Ke3 Kd6 39. Rb6+ Kc5 40. Rb3 e5 41. Rc3+ Kd6 42. Rb3 Rf7 43. Rb6+ Kc5 44. Rh6 d4+ 45. Ke2 Rf5 46. f3 Kc4 47. Rh7 b5 48. Rb7 gxf3+ 49. gxf3 Rf4 50.
Re7 Rxh4 51. Rxe5 Rh2+ 52. Kd1 h4 53. f4 Rxb2 54. Rh5 Rh2 55. f5 Kd3 56. Kc1 Kc3 57. Kb1 d3 58. f6 Rh1+ 59. Ka2 d2 60. f7 Ra1+ 61. Kxa1 d1=Q+ 62. Ka2 Qc2+ 63. Ka1 Qb2# 0-1

[Event "*** Titled Tuesday 3|2 Blitz"]
[Site "Chess.com"]
[Date "2014.12.30"]
[Round "2"]
[White "Sebastian"]
[Black "matein28"]
[Result "1-0"]
[WhiteElo "2552"]
[BlackElo "2331"]
[TimeControl "180+2"]
[EndTime "11:22:58 PST"]
[Termination "Sebastian won by resignation"]

1. e4 d5 2. exd5 Qxd5 3. Nc3 Qa5 4. d4 c6 5. Bd2 Qc7 6. Bd3 Nf6 7. Nge2 g6 8. Bf4 Qa5 9. Qd2 Nd5 10. Bh6 Nxc3 11. Nxc3 Nd7 12. Bxf8 Nxf8 13. O-O-O Be6 14. Kb1 O-O-O 15. Qf4 Nd7 16. Rhe1 Nf6 17. Re5 Qc7 18. Qh4 h6 19. Bxg6 Bxa2+ 20. Kxa2 fxg6 21. Rde1 g5 22. Qh3+ Kb8 23. Rxe7 Qa5+ 24. Kb1 Rxd4 25. Qe6 Nh5 26.
Re8+ Rd8 27. Qf7 Nf4 28. Rxh8 Rxh8 29. g3 Nd5 30. Re8+ Rxe8 31. Qxe8+ Kc7 32. Qe5+ Kc8 33. Qe6+ Kc7 34. Qe5+ Kc8 35. Nxd5 cxd5 36. f4 gxf4 37. gxf4 Qb5 38. b3 a5 39. f5 a4 40. Kb2 axb3 41. cxb3 Qc5 42. Qc3 b6 43. b4 Qc7 44. Qxc7+ Kxc7 45. Kc3 Kd6 46. Kd4 h5 47. b5 h4 48.
h3 Kd7 49. Kxd5 Ke7 50. Kc6 Kf6 51. Kxb6 Kxf5 52. Kc7 Kf4 53. b6 Kf3 54. b7 Kf4 55. b8=Q Kg3 56. Qb3+ 1-0

[Event "*** Titled Tuesday 3|2 Blitz"]
[Site "Chess.com"]
[Date "2014.12.30"]
[Round "2"]
[White "Imre91"]
[Black "MartinZumsande"]
[Result "1-0"]
[WhiteElo "2537"]
[BlackElo "2194"]
[TimeControl "180+2"]
[EndTime "11:23:00 PST"]
[Termination "Imre91 won by checkmate"]

1. d4 d5 2. Nf3 Nf6 3. g3 e6 4. Bg2 b5 5. O-O Be7 6. c4 bxc4 7. Ne5 O-O 8. Nxc4 c5 9. Ne5 Bb7 10. Nc3 Nc6 11. Nxc6 Bxc6 12. Bg5 Qb6 13. dxc5 Qxb2 14. Rc1 Rab8 15. Bf4 Rbc8 16. Be5 Qa3 17. Bd4 Nd7 18. e4 Bxc5 19. exd5 exd5 20. Bxc5 Nxc5 21. Nxd5 Bxd5 22. Bxd5 Rcd8 23. Qh5 g6 24. Qf3 Qxf3 25. Bxf3 Ne6 26. Rc4 Rd7 27. Rfc1 Rfd8 28. Kg2 Kg7 29. Ra4 h5 30. h4 Nd4 31. Be4 Ne6 32. Rc2 Re7 33.
Bf3 Rb8 34. Rd2 Rb6 35. Ra5 Rc7 36. Bd5 Rd6 37. Re2 Kf6 38. Bb3 Re7 39. Re3 Rd2 40.
Ra6 Kg7 41. Kf1 Rb2 42. Ke1 Rc7 43. Kf1 Nd4 44. Kg2 Nxb3 45. axb3 Rb7 46. Ra3 a5 47. Rf3 Rb1 48. Rd3 Rb2 49. Kf3 Rb1 50. Ke3 Rb2 51. f4 Re7+ 52. Kf3 Rb7 53. Ke4 Kf6 54. Kd4 Rb1 55. Kc5 Rb8 56. Kc6 Rb4 57.
Re3 Rc1+ 58. Kd5 Rb5+ 59. Kd4 Rb4+ 60. Kd3 Rb5 61. Kd2 Rg1 62. Kc2 Kf5 63. Ra4 Kg4 64. f5+ Kxf5 65. Rf4# 1-0

[Event "*** Titled Tuesday 3|2 Blitz"]
[Site "Chess.com"]
[Date "2014.12.30"]
[Round "2"]
[White "BeerLag"]
[Black "AungTZ"]
[Result "1-0"]
[WhiteElo "2156"]
[BlackElo "2004"]
[TimeControl "180+2"]
[EndTime "11:23:01 PST"]
[Termination "BeerLag won on time"]

1. e4 c5 2. Nf3 Nc6 3. Bb5 e6 4.
O-O Nge7 5. c4 a6 6. Bxc6 Nxc6 7. Nc3 d6 8. d3 Be7 9. Ne1 O-O 10. Nc2 f5 11. f4 Kh8 12. Be3 Bf6 13. Qd2 Nd4 14. Rae1 Bd7 15. Kh1 Qb6 16. Bxd4 cxd4 17. Nd1 fxe4 18.
dxe4 e5 19. f5 Qc7 20. b3 b5 21. cxb5 axb5 22. Nb4 Qa5 23. Rf2 Rfc8 24. Nd5 Qxd2 25. Rxd2 Rc1 26. Nb6 Rd8 27. Nxd7 Rxd7 28. Kg1 Bg5 29. Rd3 g6 30. Rf1 Kg7 31. g3 Ra7 32. h4 Bf6 33. fxg6 hxg6 34. Rdf3 Bd8 35. a4 bxa4 36.
bxa4 Bb6 37. Kg2 Rc2+ 38. Kh3 Re2 39. Nf2 Rxa4 40. Ng4 Ra7 41. Nf6 Re7 42. Nd5 Rb7 43.
Rb1 Rxe4 44. Rxb6 Rxb6 45. Nxb6 Re2 46. Rf1 e4 47. Rd1 d3 48. Nd5 Kf7 49. Kg4 Rf2 50. Re1 Ke6 51. Nf4+ Kd7 52. Rxe4 Kc6 53. Nxd3 Rd2 54.
Nf4 d5 55. Re6+ Kc5 56. Nxg6 d4 57. Nf4 Rf2 58. Re8 Kc4 59. Rd8 Kb3 60. h5 Kc3 61. h6 Rh2 62. Kg5 d3 63. Rxd3+ Kc2 64. Rd7 Kc3 65.
h7 Kc4 66. Nh5 Kc5 67. h8=Q Kc6 68. Qc8+ 1-0

[Event "*** Titled Tuesday 3|2 Blitz"]
[Site "Chess.com"]
[Date "2014.12.30"]
[Round "2"]
[White "ViennaRocket"]
[Black "LADIESGET2KNOWME"]
[Result "0-1"]
[WhiteElo "2212"]
[BlackElo "2229"]
[TimeControl "180+2"]
[EndTime "11:23:12 PST"]
[Termination "LADIESGET2KNOWME won by resignation"]

1. d4 Nf6 2. c4 g6 3. Nc3 Bg7 4.
e4 d6 5. f4 O-O 6. Nf3 c5 7. d5 e6 8. Be2 exd5 9. exd5 Bf5 10. O-O Re8 11. Bd3 Ne4 12. Nxe4 Bxe4 13. f5 Nd7 14. Ng5 Bxd3 15. Qxd3 Nf6 16. fxg6 hxg6 17. Qh3 Qc8 18. Qxc8 Raxc8 19. Bf4 Ne4 20. Nxe4 Rxe4 21.
Bxd6 Rxc4 22. b3 Bd4+ 23. Kh1 Rc2 24. Rac1 Rxa2 25. Be7 Rc7 26. d6 Rd7 27. h3 Rb2 28. Rf3 f5 29. g4 Kf7 30. gxf5 gxf5 31. Rxf5+ Ke6 32. Rf3 Kd5 33. Rd1 b5 34. h4 Re2 35.
h5 Rexe7 36. dxe7 Rxe7 37. h6 Rh7 38. Rh3 a5 39. Rh5+ Ke4 40. Kg2 a4 41. bxa4 bxa4 42.
Re1+ Kd3 43. Re6 Kc4 44. Ra6 Kb5 45. Ra8 Be3 46. Kf3 Rxh6 47. Rxh6 Bxh6 48. Ke4 Bc1 49. Kd3 a3 50. Kc3 Bb2+ 51. Kb3 c4+ 52. Ka2 Kb4 53.
Rc8 Kc3 54. Rd8 Kc2 55. Rd7 c3 56. Rd6 Kc1 57. Rd5 c2 58. Rd7 Bc3 59. Rd8 Bd2 60.
Rh8 Kd1 61. Rh1+ Be1 62. Rh2 c1=Q 63. Rd2+ Qxd2+ 64. Kb3 a2 65. Kc4 a1=Q 0-1

[Event "*** Titled Tuesday 3|2 Blitz"]
[Site "Chess.com"]
[Date "2014.12.30"]
[Round "2"]
[White "Quinten94"]
[Black "UnPolarizing"]
[Result "0-1"]
[WhiteElo "2156"]
[BlackElo "2222"]
[TimeControl "180+2"]
[EndTime "11:23:52 PST"]
[Termination "UnPolarizing won on time"]

1. e4 c5 2. Nf3 d6 3. d4 Nf6 4. Nc3 cxd4 5. Nxd4 g6 6. h3 Bg7 7. Bc4 O-O 8. O-O Nc6 9. Nf3 Bd7 10. Bg5 Rc8 11.
Qd2 Na5 12. Bb3 Nxb3 13. axb3 a6 14. Bh6 Qb6 15. Bxg7 Kxg7 16. Rfe1 Be6 17. Nd4 Nd7 18.
Rad1 Ne5 19. Qg5 Rfe8 20. Nd5 Qd8 21. Nf4 Bd7 22. Re3 h6 23. Qg3 e6 24. Rd2 Qg5 25. Qxg5 hxg5 26. Nd3 Nxd3 27. Rexd3 d5 28. e5 Rc7 29. Nf3 Rec8 30. c3 Bb5 31. Re3 Rh8 32. Nxg5 Rh5 33. f4 b6 34. Kf2 a5 35. Rd1 Rh8 36.
Nf3 Ra7 37. Nd4 Bd7 38. Ra1 b5 39. b4 a4 40. g4 Raa8 41. Kg3 Rhc8 42. h4 Rh8 43.
Ree1 Rhc8 44. Rh1 Rh8 45. Ra3 Rac8 46. Raa1 Rc4 47. Kf3 Rcc8 48. Ke3 Ra8 49. Kd2 Rh6 50.
Ke3 Rah8 51. Nf3 Ra8 52. Rh2 Rah8 53. Ra3 Rc8 54. Kd2 Rh7 55. b3 Rch8 56. bxa4 bxa4 57.
Kc2 Kf8 58. Kb2 Ke7 59. c4 dxc4 60. Kc3 Bc6 61. Nd4 Bd5 62. Rxa4 Rxh4 63. Ra7+ Kf8 64. Rxh4 Rxh4 65. b5 Rxg4 66. b6 Rxf4 67. Rd7 Rf1 68. Nc2 Rb1 69. Rd6 Kg7 70. Ne3 Rb3+ 71. Kd2 Kh6 72. Rd8 Rxb6 0-1

[Event "*** Titled Tuesday 3|2 Blitz"]
[Site "Chess.com"]
[Date "2014.12.30"]
[Round "2"]
[White "rhungaski"]
[Black "AlexanderL"]
[Result "1/2-1/2"]
[WhiteElo "2398"]
[BlackElo "2464"]
[TimeControl "180+2"]
[EndTime "11:23:56 PST"]
[Termination "Game drawn by agreement"]

1. e4 e6 2. d4 d5 3. exd5 exd5 4. Nf3 Nf6 5. Bg5 Be7 6. Bd3 O-O 7. O-O Bg4 8. Nbd2 c6 9. c3 Nbd7 10. Qc2 Bh5 11. Rfe1 Bg6 12. Bxg6 hxg6 13. Bxf6 Nxf6 14. Ne5 Bd6 15. f4 c5 16. dxc5 Bxc5+ 17. Kh1 Rc8 18. Rad1 Qc7 19. Qd3 Rfd8 20. Re2 Ne4 21. Rf1 f5 22.
Nxg6 Qf7 23. Ne5 Qh5 24. Nxe4 fxe4 25. Qd1 Rd6 26. Rd2 Qxd1 27. Rfxd1 Rcd8 28. g3 a5 29. a4 Kf8 30. Kg2 Ke7 31. h4 Ke6 32. Re2 Kf5 33. Rf1 e3 34. Kf3 d4 35. g4+ Ke6 36. cxd4 Bxd4 37.
Nc4 Rc6 38. Nxe3 Kf7 39. Nf5 Bc5 40. Rc1 Rd3+ 41. Kg2 g6 42. Ng3 Bd6 43. Rxc6 bxc6 44. Ne4 Be7 45. Ng5+ Bxg5 46. hxg5 Rd4 47. Kf3 Rxa4 48.
Rc2 Rb4 49. Rxc6 Rxb2 50. Rc7+ Kf8 51. Ra7 Rb5 52. Ke4 Rb4+ 53. Ke5 Rb5+ 54. Ke4 Rb4+ 55. Kf3 Rb3+ 56. Kg2 Rb2+ 57. Kg3 Rb3+ 58. Kh4 Rb4 59. Ra6 Rxf4 60. Rxg6 Rf1 61. Ra6 Rh1+ 62. Kg3 Ra1 63. g6 a4 64. Kf4 a3 65. Kg5 a2 66. Ra8+ Kg7 67. Ra7+ Kg8 68. g7 Kh7 69. Ra8 Kxg7 70. Ra7+ Kf8 71. Kg6 Rg1 72. Rxa2 Rxg4+ 73. Kf6 Rf4+ 74.
Ke6 Rf1 75. Ra8+ Kg7 1/2-1/2

[Event "*** Titled Tuesday 3|2 Blitz"]
[Site "Chess.com"]
[Date "2014.12.30"]
[Round "2"]
[White "jasrom"]
[Black "PauloCesarCosta"]
[Result "1-0"]
[WhiteElo "2209"]
[BlackElo "2089"]
[TimeControl "180+2"]
[EndTime "11:24:01 PST"]
[Termination "jasrom won on time"]

1. e4 e6 2. d4 d5 3. Nd2 Nf6 4. e5 Nfd7 5. Bd3 c5 6. c3 Nc6 7.
Ne2 Qb6 8. Nf3 cxd4 9. cxd4 f6 10. exf6 Nxf6 11. O-O Bd6 12. Rb1 O-O 13. Bf4 Nxd4 14.
Nfxd4 e5 15. Be3 exd4 16. Bxd4 Qc7 17. Ng3 Bg4 18. Qb3 Be6 19. Rbc1 Qf7 20. Rfe1 b6 21.
Rc6 Rad8 22. Bb1 Ne4 23. Qe3 Bd7 24. Rc2 Nxg3 25. hxg3 Rde8 26. Qd2 Rxe1+ 27. Qxe1 Bf5 28. Re2 Bxb1 29. Qxb1 Bc5 30. Qd3 Bxd4 31. Qxd4 Rd8 32. Re5 Qd7 33. Rg5 b5 34. b4 Qf7 35. g4 a6 36. Rf5 Qd7 37. Rg5 Kh8 38. f3 Qb7 39.
Re5 Qf7 40. Kh2 h6 41. Rh5 Kg8 42. Kh3 Qd7 43. Rf5 Qe6 44. Re5 Qd7 45. g3 Qf7 46. f4 Qd7 47. Rf5 Qe6 48. Re5 Qd7 49. Kh4 Qd6 50. g5 hxg5+ 51. Rxg5 Qe7 52. Kh3 Qd7+ 53.
g4 Qf7 54. Kg3 Qd7 55. Re5 Qf7 56. g5 Qd7 57. f5 Qd6 58. Kg4 Qd7 59. Re6 Qf7 60.
g6 Qd7 61. Qe5 Qc8 62. Re7 Qc4+ 63. Kh5 1-0

[Event "*** Titled Tuesday 3|2 Blitz"]
[Site "Chess.com"]
[Date "2014.12.30"]
[Round "2"]
[White "DrHolmes13"]
[Black "MikePerelshteyn"]
[Result "0-1"]
[WhiteElo "2170"]
[BlackElo "1964"]
[TimeControl "180+2"]
[EndTime "11:24:22 PST"]
[Termination "MikePerelshteyn won by resignation"]

1. Nf3 c6 2. g3 d6 3. Bg2 Nf6 4.
O-O g6 5. d4 Bg7 6. b3 O-O 7.
Bb2 a5 8. c4 Bf5 9. Nc3 Ne4 10.
Nh4 Nxc3 11. Bxc3 Be6 12. Qd2 d5 13. c5 Nd7 14. Rfe1 b6 15. cxb6 Qxb6 16. Nf3 Bf5 17. Nh4 Be6 18. Nf3 Bf5 19. Rac1 a4 20. Bb4 Rfe8 21. Nh4 Bxd4 22. e3 Bf6 23. Nxf5 gxf5 24. Bc3 e6 25. Bxf6 Nxf6 26. Rc3 Ne4 27. Bxe4 fxe4 28.
Rec1 Rec8 29. Qc2 axb3 30. axb3 Ra3 31. h4 c5 32. h5 h6 33. Qb2 Qb4 34. Qe2 Rxb3 35.
Qg4+ Kf8 36. Rxb3 Qxb3 37. Qf4 Qb2 38. Rxc5 Rxc5 39. Qd6+ Kg7 40. Qxc5 Qe5 41. Qc1 Qxh5 42. Qc3+ Kg6 43. Qh8 Qg5 44. Qg8+ Kf6 45. Qf8 h5 46. Qh8+ Ke7 47. Kf1 Qf5 48. Kg1 Qg6 49. Kf1 Qf5 50.
Kg1 e5 51. Kf1 Qg5 52. Kg1 Kd7 53. Kf1 Ke7 54. Kg1 Ke6 55. Kf1 Kf5 56. Qc8+ Kg6 57.
Qg8+ Kf6 58. Qd8+ Kg6 59. Qxd5 Qf5 60. Qd8 Kg7 61. Qh4 Qg4 62. Qe7 Qf5 63. Kg1 Kg6 64.
Qd8 Kg7 65. Qh4 Qg4 66. Qe7 h4 67. Qxh4 Qxh4 68. gxh4 Kg6 69. Kg2 Kh5 70. Kh3 f6 71. Kg3 f5 72. Kh3 f4 73. Kg2 Kxh4 74. Kh2 Kg4 75. Kg2 Kf5 76. Kh3 Kg5 77. Kg2 fxe3 78. fxe3 Kg4 79. Kf2 Kh3 80. Ke2 Kg2 81. Kd2 Kf2 82.
Kd1 Kxe3 83. Ke1 Kf3 84. Kf1 e3 85. Ke1 e2 86. Kd2 Kf2 0-1

[Event "*** Titled Tuesday 3|2 Blitz"]
[Site "Chess.com"]
[Date "2014.12.30"]
[Round "2"]
[White "Gevorg_Harutjunyan"]
[Black "FlySooHigh"]
[Result "1/2-1/2"]
[WhiteElo "2426"]
[BlackElo "2364"]
[TimeControl "180+2"]
[EndTime "11:25:00 PST"]
[Termination "Game drawn by repetition"]

1. e4 d5 2. exd5 Nf6 3. d4 Nxd5 4. Nf3 g6 5. Ne5 Bg7 6. Bc4 O-O 7. O-O Nb6 8. Be2 N8d7 9. Nxd7 Qxd7 10. c3 e5 11. dxe5 Qxd1 12. Rxd1 Bxe5 13. Bh6 Re8 14. Bf3 c6 15.
Nd2 Bf5 16. Nb3 Na4 17. Rd2 Rad8 18. Nd4 Bc8 19. g3 c5 20. Nb5 Rxd2 21. Bxd2 Nxb2 22. Nxa7 Nc4 23. Be1 Be6 24. Nb5 b6 25. Rd1 Kf8 26. h4 h5 27. Bc6 Rc8 28. Bb7 Rb8 29. Bc6 Ke7 30. Bf3 Rd8 31. Rxd8 Kxd8 32. a4 Nb2 33. Na7 Bf6 34. Bc6 Kc7 35. Bb5 Bd5 36. Be2 Bb3 37.
Nb5+ Kd7 38. g4 hxg4 39. Bxg4+ Ke7 40. Nc7 Bxh4 41. Bf3 Kd6 42. Nb5+ Ke5 43. c4 Nxa4 44. Bd5 f5 45. f4+ Kxf4 46. Bxh4 Nb2 47. Nd6 Ke5 48. Nf7+ Kf4 49. Bg5+ Kg4 50. Bf6 Nd3 51. Bd8 b5 52. Nd6 bxc4 53. Nxc4 Nc1 54. Ne3+ Kf4 55. Ng2+ Kg4 56.
Bc6 Ne2+ 57. Kf2 Nd4 58. Ne3+ Kf4 59. Bg2 Bc2 60. Nd5+ Ke5 61. Ne3 Be4 62. Bf1 Kf4 63. Bb6 Ne6 64. Bc4 Ke5 65. Ba7 g5 66. Bb8+ Kf6 67. Nd5+ Kg6 68. Ne7+ Kf6 69. Ng8+ Kf7 70. Be5 Kxg8 71. Bxe6+ Kh7 72. Bd6 Kg6 73. Bxc5 Bd3 74.
Ke3 Be4 75. Kd4 Bc2 76. Ke5 Be4 77. Bd7 Bc2 78. Be8+ Kg7 79. Ke6 f4 80. Bd4+ Kh6 81.
Bc6 g4 82. Be5 Kg5 83. Bf6+ Kh6 84. Be5 Kg5 85. Bf6+ Kh6 86. Be5 Kg5 87. Bf6+ Kh6 88.
Be5 Kg5 89. Bf6+ Kh6 1/2-1/2

[Event "*** Titled Tuesday 3|2 Blitz"]
[Site "Chess.com"]
[Date "2014.12.30"]
[Round "2"]
[White "mortalbovine"]
[Black "Philofive"]
[Result "0-1"]
[WhiteElo "1581"]
[BlackElo "2274"]
[TimeControl "180+2"]
[EndTime "11:25:41 PST"]
[Termination "Philofive won by resignation"]

1. d4 Nf6 2. c4 g6 3. Nc3 Bg7 4.
e4 d6 5. Nf3 O-O 6. Be3 Ng4 7.
Be2 Nxe3 8. fxe3 Bh6 9. Qd3 Nc6 10. O-O e5 11. d5 Nb4 12. Qd2 a5 13. a3 Na6 14. Bd3 Nc5 15. Rae1 a4 16. Bc2 Bd7 17. Qf2 Ra6 18. Bb1 Qe7 19. Re2 Rb6 20. Rc2 Nd3 21. Qe2 Nc5 22. Qf2 Kg7 23. Qe2 Qd8 24.
Qf2 Ra6 25. Kh1 Ra8 26. Kg1 Qb8 27. Kh1 Qa7 28. Re1 Rae8 29. Rd2 Qb8 30. Kg1 Qd8 31.
Kh1 Kh8 32. Kg1 f5 33. Kh1 f4 34. exf4 Rxf4 35. Rde2 Ref8 36. Qg3 Qf6 37. Rf1 Kg7 38. Rfe1 Bg4 39. Rf1 Bxf3 40. gxf3 Rxf3 41. Rxf3 Qxf3+ 42.
Qxf3 Rxf3 43. Kg2 Re3 44. Rxe3 Bxe3 45. Bc2 Bd4 46. Nxa4 Nxa4 47. Bxa4 Bxb2 48. Bd7 Bxa3 49. Bc8 b6 50. Kf3 Kf6 51. Be6 Kg5 52. Bd7 Kh4 53. Bg4 Bc1 54. Bd7 Bf4 55. Kg2 Be3 56. h3 Kg5 57. Kf3 Bf4 58. Bc8 Kh4 59. Bd7 Kg5 60. Bc8 Kf6 61. Bd7 Ke7 62. Bc8 Kd8 63. Ba6 Kd7 64.
Bb5+ Ke7 65. Ba6 Bd2 66. Bc8 Bb4 67. Ba6 Kf6 68. Bc8 Kg5 69. Bd7 Kf6 70. Bc8 Ke7 71.
Ba6 Ba3 72. Bb7 Kd7 73. Bc6+ Kc8 74. Kg4 Bc1 75. Bb5 Kb7 76. h4 Kc8 77. Ba6+ Kd8 78. Bb5 Ke7 79. h5 Kf6 80. hxg6 Kxg6 81. Bd7 h5+ 82. Kh4 Be3 83. Bf5+ Kh6 84. Bd7 Bf2+ 85. Kh3 Kg5 86. Bc8 Kf4 87. Bf5 Ke3 88. Bg6 Be1 89.
Bxh5 Kxe4 90. Be2 Ke3 91. Bf1 Kf2 92. Bd3 Ke3 93. Bf1 e4 94. Kg4 Kf2 95. Bh3 e3 96. Kf4 Bb4 97. Bg4 Bc5 98. Ke4 e2 99. Bxe2 Kxe2 100.
Kf5 Kd3 101. Ke6 Kxc4 102. Kd7 Kxd5 103. Kxc7 b5 0-1

[Event "*** Titled Tuesday 3|2 Blitz"]
[Site "Chess.com"]
[Date "2014.12.30"]
[Round "3"]
[White "MartinZumsande"]
[Black "gumersindo"]
[Result "1-0"]
[WhiteElo "2232"]
[BlackElo "2100"]
[TimeControl "180+2"]
[EndTime "11:29:14 PST"]
[Termination "MartinZumsande won by resignation"]

1. e4 e5 2. Nf3 Nc6 3. d4 exd4 4.
Nxd4 Nf6 5. Nxc6 bxc6 6. e5 Qe7 7. Qe2 Nd5 8. c4 Nb6 9. b3 g6 10. Bb2 Bg7 11. Nd2 O-O 12. O-O-O Re8 13. f4 d6 14. Ne4 dxe5 15. fxe5 Bxe5 16. Bxe5 Qxe5 17. Nf6+ Qxf6 18. Qxe8+ Kg7 19. Qe4 Qa1+ 20. Qb1 Qc3+ 21. Qc2 Qa1+ 22. Kd2 Qd4+ 23. Bd3 Bf5 24. Qc3 Rd8 25.
Qxd4+ Rxd4 26. Kc3 1-0

[Event "*** Titled Tuesday 3|2 Blitz"]
[Site "Chess.com"]
[Date "2014.12.30"]
[Round "3"]
[White "ChessWarrior7197"]
[Black "playerzr"]
[Result "1-0"]
[WhiteElo "1980"]
[BlackElo "1851"]
[TimeControl "180+2"]
[EndTime "11:29:24 PST"]
[Termination "ChessWarrior7197 won by resignation"]

1. Nf3 Nf6 2. g3 g6 3. Bg2 Bg7 4. O-O O-O 5. d4 d6 6. a4 c6 7. Nc3 Bf5 8. Re1 Qc8 9. e4 Bh3 10. Bf4 Bxg2 11. Kxg2 Nh5 12. Be3 Nd7 13. a5 e5 14.
dxe5 dxe5 15. Qd6 Re8 16. Red1 Ndf6 17. h3 Re6 18. Qd3 Ne8 19. Qc4 Nd6 20. Qb3 Qc7 21. Nd2 Rd8 22. Nc4 Nxc4 23. Qxc4 Re7 24. Bxa7 b5 25.
axb6 Qb7 26. Rxd8+ 1-0

[Event "*** Titled Tuesday 3|2 Blitz"]
[Site "Chess.com"]
[Date "2014.12.30"]
[Round "3"]
[White "matein28"]
[Black "Kacparov"]
[Result "0-1"]
[WhiteElo "2287"]
[BlackElo "2306"]
[TimeControl "180+2"]
[EndTime "11:30:39 PST"]
[Termination "Kacparov won by resignation"]

1. d4 d5 2. c4 e6 3. Nc3 c6 4. Nf3 dxc4 5. a4 Bb4 6. Bd2 Nf6 7. g3 O-O 8. Bg2 c5 9. dxc5 Nc6 10.
Be3 Nd5 11. Bd2 Bxc5 12. O-O a6 13. Ng5 h6 14. Nge4 Be7 15. Bc1 Nxc3 16. Nxc3 Na5 17. Qc2 Bd7 18. Rd1 Qc8 19. Ne4 Bc6 20. Bd2 Nb3 21. Rab1 Bxa4 22. Nc3 Bc6 23. Bxc6 Qxc6 24.
Be3 b5 25. g4 Rad8 26. Rf1 Nd4 27. Bxd4 Rxd4 28. h3 Rfd8 29. Rbd1 b4 30. Rxd4 Rxd4 31. e3 Rd3 32. Ne2 b3 33. Qb1 Bf6 34. Rc1 Rd2 35. Nc3 Bxc3 36. Rxc3 Qf3 0-1

[Event "*** Titled Tuesday 3|2 Blitz"]
[Site "Chess.com"]
[Date "2014.12.30"]
[Round "3"]
[White "LuckyTiger"]
[Black "grandmastergauri"]
[Result "1-0"]
[WhiteElo "2450"]
[BlackElo "2254"]
[TimeControl "180+2"]
[EndTime "11:31:18 PST"]
[Termination "LuckyTiger won by resignation"]

1. e4 c6 2. d4 d5 3. Nc3 dxe4 4.
Nxe4 Bf5 5. Ng3 Bg6 6. h4 h6 7. Nf3 Nd7 8. h5 Bh7 9. Bd3 Bxd3 10. Qxd3 e6 11. Bd2 Ngf6 12. O-O-O Be7 13. Kb1 Qb6 14. Nf1 Qb5 15. c4 Qa6 16. Ne3 Rd8 17. Qc2 b5 18. c5 Nd5 19. g4 Qa4 20. b3 Qa6 21. Nxd5 cxd5 22. g5 hxg5 23. Nxg5 Nf6 24. Rde1 Qc6 25.
Nxf7 Kxf7 26. Qg6+ Kf8 27. h6 gxh6 28. Bxh6+ Rxh6 29. Rxh6 Ng8 30. Rh8 Bf6 31. Qxf6+ 1-0

[Event "*** Titled Tuesday 3|2 Blitz"]
[Site "Chess.com"]
[Date "2014.12.30"]
[Round "3"]
[White "Hafez_Bakr"]
[Black "hitaman"]
[Result "0-1"]
[WhiteElo "1771"]
[BlackElo "2396"]
[TimeControl "180+2"]
[EndTime "11:31:39 PST"]
[Termination "hitaman won by resignation"]

1. c4 c6 2. Nf3 d5 3. e3 Nf6 4. d4 Bf5 5. Nc3 e6 6. Qb3 Qb6 7. c5 Qc7 8. Be2 h6 9. h3 Nbd7 10. Bd2 Be7 11. a3 b6 12. cxb6 axb6 13.
Rc1 O-O 14. g4 Be4 15. Nxe4 Nxe4 16. Qc2 c5 17. dxc5 bxc5 18. Nd4 Qb6 19. Nf3 c4 20. O-O Rfb8 21. Rb1 Ndc5 22. Nd4 Bh4 23. Bb4 Qc7 24.
Bf3 Nxf2 25. Rxf2 Bxf2+ 26. Kxf2 Nd3+ 27. Kg2 Nxb4 28. axb4 Rxb4 29. Ne2 Rab8 30. Nf4 Qe5 31. Nh5 Rxb2 32. Rxb2 Rxb2 33. Qxb2 Qxb2+ 34. Kg3 c3 35. Nf4 c2 36. Nd3 c1=Q 37. Nxc1 Qxc1 38. e4 0-1

[Event "*** Titled Tuesday 3|2 Blitz"]
[Site "Chess.com"]
[Date "2014.12.30"]
[Round "3"]
[White "Gevorg_Harutjunyan"]
[Black "DARIO555"]
[Result "1-0"]
[WhiteElo "2430"]
[BlackElo "2216"]
[TimeControl "180+2"]
[EndTime "11:31:42 PST"]
[Termination "Gevorg_Harutjunyan won by resignation"]

1. e4 e5 2. Nf3 Nc6 3. Bb5 a6 4. Ba4 Nf6 5. O-O Nxe4 6. d4 b5 7.
Bb3 d5 8. dxe5 Be6 9. Be3 Be7 10.
c3 O-O 11. Nbd2 Nxd2 12. Qxd2 Qd7 13. Rfd1 Rad8 14. Bf4 Na5 15. Bc2 Bf5 16. Bxf5 Qxf5 17. Nd4 Qd7 18. Qe2 Rfe8 19. e6 fxe6 20. Qxe6+ Kh8 21.
Qxa6 Nc4 22. Qxb5 Qxb5 23. Nxb5 c6 24. Nc7 Rf8 25. Ne6 Nxb2 26. Be5 Nc4 27. Bxg7+ 1-0

[Event "*** Titled Tuesday 3|2 Blitz"]
[Site "Chess.com"]
[Date "2014.12.30"]
[Round "3"]
[White "Squirlolz"]
[Black "AungTZ"]
[Result "0-1"]
[WhiteElo "2080"]
[BlackElo "2015"]
[TimeControl "180+2"]
[EndTime "11:31:58 PST"]
[Termination "AungTZ won by checkmate"]

1. e4 c5 2. Nc3 a6 3. g3 Nc6 4.
Bg2 e6 5. f4 Nge7 6. Nf3 d5 7.
O-O dxe4 8. Nxe4 Nd5 9. b3 Be7 10. Bb2 O-O 11. Qe2 Nf6 12. d3 Bd7 13. Rae1 Nxe4 14.
dxe4 Bf6 15. Bxf6 Qxf6 16. e5 Qe7 17. Rd1 Rad8 18. Ng5 Nd4 19. Qd3 f5 20. Rf2 Bb5 21. Qe3 Ne2+ 22. Rxe2 Rxd1+ 23. Re1 Rfd8 24. Nf3 Bc6 25.
h4 h6 26. Kh2 Rxe1 27. Qxe1 Qd7 28. Qc3 Bxf3 29. Qxf3 b5 30. Kh3 c4 31. h5 cxb3 32. cxb3 Qd1 33. Qc6 Qxh5# 0-1